 Dungeon Crawl Stone Soup version 0.30.1 (webtiles) character file.

Game seed: 3205678887976150721

111087 Graphine the Tortoise (level 16, -4/219 HPs)
             Began as an Armataur Fighter on July 7, 2023.
             Was a High Priest of Ashenzari.
             Succumbed to a redback's poison
             ... on level 2 of the Spider Nest.
             The game lasted 00:59:28 (23763 turns).

Graphine the Tortoise (Armataur Fighter)           Turns: 23763, Time: 00:59:29

Health: -4/219     AC:  9    Str: 32    XL:     16   Next: 8%
Magic:  0/30       EV: 18    Int:  8    God:    Ashenzari [*****.]
Gold:   1270       SH:  9    Dex: 13    Spells: 33/35 levels left

rFire   + . .        C - +10 eveningstar "Pangnostic Cynicism" {drain, Dex+3, Evo, Cun} (curse)
rCold   + + +        c - +1 buckler "Gnostic Bad Feelings" {Alch, Fort} (curse)
rNeg    . . .        e - +4 skin of Zhor {*Englaciate rC+++ SInv, Elem, Alch} (curse)
rPois   .            M - +2 helmet of the Stellar Augur {SInv, Evo, Fort} (curse)
rElec   .            D - scarf of Ashenzari's Comet {repulsion, Melee, Evo} (curse)
rCorr   .            (no gloves)
SInv    +            A - +4 barding of Supernal Understanding {rF+, Cun, Melee} (curse)
Will    ++...        t - amulet of the Mantic Disgust {Spirit, Evo, Self} (curse) Stlth
                     i - ring of Ashenzari's Planets {Will+, Melee, Fort} (curse)
HPRegen 0.56/turn    S - ring "Tethered Together" {EV+5, Evo, Alch} (curse)
MPRegen 0.22/turn

%: repel missiles, clarity, guardian spirit, roll
@: berserking, lethally poisoned (-4 -> -57), corroded, very quick
A: large, rugged brown scales 3, deformed body, armoured tail, roll, long
tongue, awkward tongue, strong 1
a: Renounce Religion, Shatter the Chains


You were on level 2 of the Spider Nest.
You worshipped Ashenzari.
Ashenzari was extremely pleased with you.
You visited 5 branches of the dungeon, and saw 23 of its levels.

You collected 2236 gold pieces.
You spent 966 gold pieces at shops.

Inventory:

Hand Weapons
 C - the cursed +10 eveningstar "Pangnostic Cynicism" (weapon) {drain, Dex+3, Evo, Cun}
   (You acquired it on level 1 of the Lair of Beasts)

   Dex:       It affects your dexterity (+3).
   It has a curse which improves the following skills: Evocations: Evocations.
   Cunning:   Dodging and Stealth.
Missiles
 l - 5 throwing nets (quivered)
Armour
 b - a scarf of invisibility
 c - the cursed +1 buckler "Gnostic Bad Feelings" (worn) {Alch, Fort}

   It has a curse which improves the following skills: Alchemy: Poison Magic and
   Transmutations.
   Fortitude: Armour and Shields.
 e - the cursed +4 skin of Zhor (worn) {*Englaciate rC+++ SInv, Elem, Alch}
   (You found it on level 3 of the Lair of Beasts)

   *Englaciate: It radiates cold, occasionally slowing all nearby creatures who
   are not resistant to cold.
   rC:        It renders you almost immune to cold.
   SInv:      It lets you see invisible.
   It has a curse which improves the following skills: Elements: Fire Magic, Ice
   Magic, Air Magic and Earth Magic.
   Alchemy:   Poison Magic and Transmutations.
 A - the cursed +4 barding of Supernal Understanding (worn) {rF+, Cun, Melee}
   (You acquired it on level 7 of the Dungeon)

   It has a curse which improves the following skills: Cunning: Dodging and
   Stealth.
   Melee Combat: Short Blades, Long Blades, Axes, Maces & Flails, Polearms,
   Staves and Unarmed Combat.
 D - the cursed scarf of Ashenzari's Comet (worn) {repulsion, Melee, Evo}
   (You acquired it on level 12 of the Dungeon)

   It has a curse which improves the following skills: Melee Combat: Short
   Blades, Long Blades, Axes, Maces & Flails, Polearms, Staves and Unarmed
   Combat.
   Evocations: Evocations.
 M - the cursed +2 helmet of the Stellar Augur (worn) {SInv, Evo, Fort}
   (You bought it in a shop on level 13 of the Dungeon)

   It has a curse which improves the following skills: Evocations: Evocations.
   Fortitude: Armour and Shields.
Jewellery
 d - a ring of poison resistance
 i - the cursed ring of Ashenzari's Planets (left hand) {Will+, Melee, Fort}
   (You found it on level 1 of the Dungeon)

   [ring of willpower]

   Will:      It increases your willpower.
   It has a curse which improves the following skills: Melee Combat: Short
   Blades, Long Blades, Axes, Maces & Flails, Polearms, Staves and Unarmed
   Combat.
   Fortitude: Armour and Shields.
 t - the cursed amulet of the Mantic Disgust (around neck) {Spirit, Evo, Self}
   (You took it off an orc on level 7 of the Dungeon)

   [amulet of guardian spirit]

   It causes incoming damage to be divided between your reserves of health and
   magic.
   It has a curse which improves the following skills: Evocations: Evocations.
   Introspection: Fighting and Spellcasting.
 E - a ring of positive energy
 F - an amulet of regeneration
 R - a ring of fire
 S - the cursed ring "Tethered Together" (right hand) {EV+5, Evo, Alch}
   (You found it on level 2 of the Lair of Beasts)

   [ring of evasion]

   EV:        It affects your evasion (+5).
   It has a curse which improves the following skills: Evocations: Evocations.
   Alchemy:   Poison Magic and Transmutations.
 U - a +4 ring of protection
 X - an amulet of magic regeneration
 Y - a ring of wizardry
Wands
 a - a wand of flame (21)
 n - a wand of paralysis (22)
 u - a wand of polymorph (8)
 v - a wand of iceblast (24)
 K - a wand of digging (6)
 O - a wand of mindburst (17)
Scrolls
 h - 5 scrolls of immolation
 j - 5 scrolls of poison
 s - 3 scrolls of silence
 w - 3 scrolls of brand weapon
 z - 7 scrolls of teleportation
 B - 6 scrolls of magic mapping
 I - a scroll of enchant armour
 L - 4 scrolls of fear
 N - 3 scrolls of enchant weapon
 P - 2 scrolls of amnesia
 V - a scroll of blinking
Potions
 f - 4 potions of lignification
 g - 2 potions of magic
 k - 2 potions of invisibility
 m - a potion of ambrosia
 o - 5 potions of brilliance
 p - 2 potions of mutation
 q - 16 potions of curing
 x - 2 potions of haste
 G - a potion of heal wounds
 H - 3 potions of berserk rage
 Q - a potion of resistance
 T - 6 potions of flight
 W - a potion of cancellation
Miscellaneous
 J - a phantom mirror (inert)


   Skills:
 - Level 9.0(11.1) Fighting
 - Level 12.9(17.0) Maces & Flails
 - Level 15.0(19.1) Armour
 - Level 10.9(14.0) Dodging
 * Level 14.2(18.3) Shields
 - Level 7.7(10.0) Spellcasting
 - Level 2.7 Summonings
 - Level 2.5(6.9) Evocations


You had 33 spell levels left.
You knew the following spells:

 Your Spells              Type           Power      Damage    Failure   Level
a - Call Imp              Summ           16%        N/A       8%          2

Your spell library contained the following spells:

 Spells                   Type           Power      Damage    Failure   Level
 Freeze                   Ice            16%        1d4       14%         1
 Magic Dart               Conj           16%        1d3       16%         1
 Passwall                 Tmut/Erth      3%         N/A       21%         2
 Cigotuvi's Dreadful Rot  Necr/Pois/Air  8%         N/A       22%         2
 Ensorcelled Hibernation  Hex/Ice        8%         N/A       24%         2
 Summon Guardian Golem    Hex/Summ       6%         N/A       28%         3
 Spider Form              Tmut/Pois      4%         N/A       36%         3
 Frozen Ramparts          Ice            8%         1d2       41%         3
 Mephitic Cloud           Conj/Pois/Air  4%         N/A       41%         3
 Ozocubu's Armour         Ice            4%         N/A       41%         3
 Swiftness                Air            4%         N/A       41%         3
 Gell's Gravitas          Tloc           4%         N/A       43%         3
 Hailstorm                Conj/Ice       4%         3d4       43%         3
 Teleport Other           Tloc           4%         N/A       43%         3
 Volatile Blastmotes      Fire/Tloc      8%         2d10      43%         3
 Summon Ice Beast         Ice/Summ       6%         N/A       65%         4
 Ice Form                 Ice/Tmut       4%         N/A       80%         4
 Anguish                  Hex/Necr       2%         N/A       85%         4
 Dispel Undead            Necr           4%         3d7       85%         4
 Fulminant Prism          Conj/Hex       2%         3d5       85%         4
 Iskenderun's Mystic Bla  Conj/Tloc      4%         2d3       85%         4
 Alistair's Intoxication  Tmut/Pois      2%         N/A       98%         5
 Borgnjor's Vile Clutch   Necr/Erth      2%         N/A       99%         5
 Lee's Rapid Deconstruct  Erth           2%         3d4*      99%         5
 Death Channel            Necr           2%         N/A       100%        6
 Dispersal                Tloc           2%         N/A       100%        6
 Eringya's Noxious Bog    Tmut/Pois      2%         N/A       100%        6
 Orb of Destruction       Conj           2%         9d5       100%        7
 Ozocubu's Refrigeration  Ice            2%         4d7       100%        7
 Spellforged Servitor     Conj/Summ      3%         N/A       100%        7


Dungeon Overview and Level Annotations

Branches:
Dungeon (13/15)            Temple (1/1) D:7            Lair (5/5) D:11
  Swamp (0/4) Lair:3       Spider (2/4) Lair:3        Slime (0/5) Lair:5
    Orc (2/2) D:12            Elf (0/3) Orc:2        Vaults (0/5) D:13

Altars:
Ashenzari
Cheibriados
Dithmenos
Elyvilon
Fedhas
Gozag
Hepliaklqana
Kikubaaqudgha
Makhleb
Nemelex Xobeh
Okawaru
Qazlal
Ru
Sif Muna
Trog
Uskayaw
Vehumet
Wu Jian
Xom
Yredelemnul
Zin
The Shining One
Jiyva

Shops:
D:4 ?   D:8 *   D:11 [   D:13 *   Orc:2 :*[(

Annotations:
Spider:2 Agnes


Innate Abilities, Weirdness & Mutations

You are completely covered in rugged brown scales. (AC +3, +7% HP)
Armour fits poorly on your strangely shaped body.
You have a long armoured tail.
You roll when moving toward enemies. (Rampage)
Your long tongue fully drains potion bottles. (2x potion effects)
Your tongue gives you trouble enunciating. (1.5x scroll delay)
Your muscles are strong. (Str +4, Int/Dex -1)


Message History

The entropy weaver points at you and mumbles some strange words.
The entropic weave corrodes you!
You closely miss Agnes.
You feel very sick. You block Agnes's attack.
The redback completely misses you.
Your demonic crawler closely misses the redback.
Your demonic crawler hits the redback.
Your demonic crawler hits the redback!
The redback barely misses you. You block the redback's attack.
Unknown command.
You closely miss Agnes.
You feel very sick.
Your demonic crawler shimmers and vanishes!
Agnes closely misses you. The entropy weaver barely misses you.
You block the entropy weaver's attack. The entropy weaver hits you.
* * * LOW HITPOINT WARNING * * *
The entropy weaver hits you but does no damage.
The redback completely misses you.
You barely miss Agnes.
You feel very sick. The redback bites you!
* * * LOW HITPOINT WARNING * * *
You are lethally poisoned!
The redback poisons you! You block the redback's attack.
Agnes hits you with a +1 lajatang of pain!!
* * * LOW HITPOINT WARNING * * *
You writhe in agony.
* * * LOW HITPOINT WARNING * * *
You barely miss Agnes.
* * * LOW HITPOINT WARNING * * *
You feel extremely sick. The redback barely misses you.
The redback bites you but does no damage.
The entropy weaver casts a spell at you.
The entropic weave corrodes you! The redback completely misses you.
Agnes hits you with a +1 lajatang of pain!
* * * LOW HITPOINT WARNING * * *
You are too berserk!
You miss Agnes. You tail-slap Agnes.
Agnes is lightly wounded.
You die...

, *, ,,, ,,, *,,, ~* ,, ,
,,^.~^. , * ,, ,, ####.~#.
##. * , ,,*** **~..~#~#~
..$. ~* ,, #,# ..#..#^....
,^* *,, ..#.∆≈#..#...##~ ,
, , ....##...#..... * ,,
,, , ,#~.s.......# ~~ * ,,
,, .. ##.Bs@....... , * ,,
,, ##≈#...iBs...... * ~**
, ^,, {.^....#?..##..$. ,
, ~* ,, , ^
........!..#####, , ,
,,.######..###.##~#...##,,
*
,*.......#.#..#.........#*
, *
*...........##.........^*
,^ ,
.........^.......^#####
****
,,..........#.^.........#


You could see Agnes, 2 entropy weavers and 3 redbacks.

Vanquished Creatures
  2 ghost moths
  2 orc warlords
  5 dire elephants (Lair:5)
  2 spark wasps (Spider:1)
  The ghost of ripuliukko the Eclecticist, a journeyman DEEE of Vehumet (Lair:3)
  Josephine (D:10)
  An entropy weaver (Spider:2)
  6 hydras
  The ghost of Heoruswealwe the Eclecticist, a journeyman DECj of Vehumet (D:12)
  A death knight (D:13)
  A radroach (Spider:2)
  6 two-headed ogres
  3 centaur warriors
  10 death yaks
  3 boulder beetles
  5 orc high priests
  A hell knight (D:12)
  3 spectral death yaks (Lair:5)
  A fire crab (Lair:5)
  A skyshark (Lair:5)
  A sun moth (Spider:1)
  3 pharaoh ants (Spider:1)
  A sea snake (shapeshifter) (D:13)
  9 orb spiders
  A spectral anaconda (Lair:5)
  An obsidian statue (Lair:5)
  4 orc knights
  2 phantasmal warriors
  Pikel (D:9)
  5 steelbarb worms (Spider:1)
  6 orc sorcerers
  3 necromancers (Lair:5)
  8 wolf spiders
  2 shining eyes (D:13)
  2 cyclopes (D:13)
  An oklob plant (Lair:4)
  A manticore (D:9)
  7 centaur zombies (D:10)
  5 elephants (Lair:5)
  5 gargoyles (D:9)
  5 black mambas
  3 torpor snails
  2 demonic crawlers
  A dire elephant skeleton (Lair:5)
  An unseen horror zombie (D:10)
  6 cane toads
  4 rime drakes
  An unseen horror (D:11)
  10 komodo dragons
  2 freezing wraiths (D:13)
  2 kobold demonologists (D:11)
  A tengu conjurer (D:13)
  A hornet (shapeshifter) (D:13)
  Grinder (D:6)
  2 hornets (D:9)
  10 blink frogs
  6 trolls
  2 spectral elephants (Lair:5)
  17 tarantellas
  4 polar bears
  6 dream sheep (Lair:5)
  A meliai zombie (D:10)
  5 slime creatures (D:12)
  Sigmund (D:3)
  6 jumping spiders
  2 shadows
  11 wraiths
  6 wyverns
  11 culicivoras
  37 yaks
  A yak (shapeshifter) (D:13)
  The ghost of AztecRisk the Covered, an amateur MiFi (D:4)
  Eustachio (D:6)
  9 basilisks
  A vampire mosquito (D:9)
  23 redbacks
  3 steam dragons
  3 wargs
  A death yak simulacrum (Lair:5)
  A swamp worm (Lair:3)
  An acid dragon (D:13)
  12 water moccasins
  A floating eye (D:13)
  3 black bears
  34 orc warriors
  An elephant zombie (Lair:5)
  2 sky beasts
  6 centaurs
  15 ogres
  A lemure (D:9)
  A phantom (D:5)
  3 kobold brigands
  A gnoll sergeant (D:9)
  7 bullfrogs
  Blork the orc (D:4)
  4 scorpions
  A cane toad simulacrum (Lair:5)
  6 wights
  14 killer bees
  An elephant simulacrum (Lair:5)
  10 howler monkeys
  2 hounds (D:6)
  3 jellies (Lair:5)
  21 orc priests
  Jessica (D:3)
  Terence (D:3)
  3 sleepcaps
  2 iguanas
  28 orc wizards
  A howler monkey zombie (D:10)
  7 gnolls
  5 adders
  A shadow imp (D:5)
  A white imp (D:8)
  An ufetubus (D:4)
  2 worms
  4 dart slugs
  89 orcs
  6 bats
  3 endoplasms
  5 giant cockroaches
  8 goblins
  8 hobgoblins
  4 quokkas
  7 ball pythons
  A frilled lizard (D:2)
  14 kobolds
  4 rats
  A spectral kobold (D:2)
693 creatures vanquished.

Vanquished Creatures (collateral kills)
  An orb spider (Spider:2)
  A tarantella (Spider:2)
  An orc (Orc:2)
3 creatures vanquished.

Vanquished Creatures (others)
  A gargoyle (D:9)
  A tarantella (Spider:1)
  An orc wizard (Orc:2)
  An orc (D:12)
4 creatures vanquished.

Grand Total: 700 creatures vanquished

Notes
Turn   | Place    | Note
-------+----------+-------------------------------------------
     0 | D:1      | Graphine the Armataur Fighter began the quest for the Orb.
     0 | D:1      | Reached XP level 1. HP: 19/19 MP: 1/1
   200 | D:1      | Reached XP level 2. HP: 25/26 MP: 2/2
   875 | D:2      | Reached skill level 4 in Armour
   882 | D:2      | Reached XP level 3. HP: 29/33 MP: 3/3
  1077 | D:2      | Found a faded altar of an unknown god.
  1093 | D:2      | Prayed at the altar of an unknown god.
  1093 | D:2      | Became a worshipper of Ashenzari the Shackled
  1183 | D:2      | Found a sparkling altar of Nemelex Xobeh.
  1368 | D:2      | Reached XP level 4. HP: 19/40 MP: 4/4
  1665 | D:3      | Noticed Jessica
  1665 | D:3      | Noticed Terence
  1669 | D:3      | Killed Jessica
  1674 | D:3      | Killed Terence
  1702 | D:3      | Noticed Sigmund
  1709 | D:3      | Killed Sigmund
  1710 | D:3      | Reached skill level 1 in Dodging
  1710 | D:3      | Reached XP level 5. HP: 40/48 MP: 5/5
  1710 | D:3      | Reached XP level 6. HP: 45/54 MP: 6/6
  2643 | D:4      | Found Herr's Magic Scroll Shoppe.
  2705 | D:4      | Reached skill level 5 in Armour
  2976 | D:4      | Identified the +1 ring mail of Divine Compulsion {rN+ SInv}
  2996 | D:4      | Noticed Blork the orc
  3006 | D:4      | Killed Blork the orc
  3132 | D:4      | Found a large runed translucent door.
  3171 | D:4      | Reached * piety under Ashenzari
  3238 | D:4      | Found a large runed translucent door.
  3251 | D:4      | Reached XP level 7. HP: 62/62 MP: 7/7
  3992 | D:4      | Noticed AztecRisk's ghost (amateur MiFi)
  4010 | D:4      | Killed AztecRisk's ghost
  4011 | D:4      | Reached skill level 5 in Shields
  4056 | D:5      | Entered Level 5 of the Dungeon
  4057 | D:5      | Reached ** piety under Ashenzari
  4211 | D:5      | Reached skill level 5 in Maces & Flails
  4335 | D:5      | Reached XP level 8. HP: 70/71 MP: 8/8
  4728 | D:6      | Found a shadowy altar of Dithmenos.
  4728 | D:6      | Noticed Grinder
  4730 | D:6      | Paralysed by Grinder for 3 turns
  4773 | D:6      | Reached skill level 6 in Armour
  4787 | D:6      | Killed Grinder
  4788 | D:6      | Reached skill level 1 in Spellcasting
  4788 | D:6      | Reached skill level 1 in Summonings
  4791 | D:6      | Learned a level 2 spell: Call Imp
  5110 | D:6      | Reached skill level 5 in Fighting
  5156 | D:6      | Found a radiant altar of Vehumet.
  5171 | D:6      | Found a hide-covered altar of Uskayaw.
  5172 | D:6      | Found a stormy altar of Qazlal.
  5259 | D:6      | Found a snail-covered altar of Cheibriados.
  5261 | D:6      | Found a hazy altar of Hepliaklqana.
  5261 | D:6      | Found a glowing silver altar of Zin.
  5263 | D:6      | You fall into a shaft and drop 2 floors!
  5401 | D:8      | Reached *** piety under Ashenzari
  5456 | D:8      | Found Fopeyt's Assorted Antiques.
  5469 | D:8      | Bought a scroll labelled QALYQ SIUBLAG for 25 gold pieces
  5593 | D:8      | Reached XP level 9. HP: 79/79 MP: 10/12
  5671 | D:7      | Identified a scroll of acquirement
  5682 | D:7      | Reached skill level 7 in Armour
  5697 | D:7      | Acquired a +2 barding of fire resistance
  5902 | D:6      | Noticed Eustachio
  5913 | D:6      | Killed Eustachio
  5947 | D:4      | Bought a scroll of brand weapon for 104 gold pieces
  5947 | D:4      | Bought a scroll of enchant armour for 82 gold pieces
  5947 | D:4      | Bought a scroll of enchant weapon for 82 gold pieces
  5988 | D:7      | Found a staircase to the Ecumenical Temple.
  6025 | D:7      | Reached **** piety under Ashenzari
  6385 | D:7      | Reached skill level 8 in Armour
  6921 | Temple   | Entered the Ecumenical Temple
  7687 | D:9      | Noticed Pikel
  7699 | D:9      | Killed Pikel
  7700 | D:9      | Reached skill level 1 in Evocations
  7753 | D:9      | Reached XP level 10. HP: 81/89 MP: 13/13
  7958 | D:9      | Reached skill level 9 in Armour
  8622 | D:9      | Noticed a manticore
  8638 | D:9      | Noticed a five-headed hydra
  8645 | D:9      | Paralysed by a hornet for 1 turns
  8658 | D:9      | Killed a five-headed hydra
  8659 | D:9      | Reached skill level 10 in Armour
  8681 | D:9      | HP: 2/99 [manticore (16)]
  8683 | D:9      | Killed a manticore
  8684 | D:9      | Reached XP level 11. HP: 47/105 MP: 16/16
  8710 | D:9      | Noticed a boulder beetle
  8720 | D:9      | Killed a boulder beetle
  9087 | D:9      | Reached skill level 11 in Armour
  9582 | D:10     | Entered Level 10 of the Dungeon
  9709 | D:10     | Reached ***** piety under Ashenzari
  9823 | D:10     | Reached skill level 12 in Armour
  9987 | D:10     | Noticed Josephine
 10001 | D:10     | Killed Josephine
 10240 | D:10     | Reached skill level 13 in Armour
 10444 | D:10     | Found a basalt altar of Yredelemnul.
 10449 | D:10     | Reached XP level 12. HP: 111/119 MP: 20/22
 10465 | D:10     | Reached skill level 14 in Armour
 10798 | D:11     | Identified the +12 hand axe of Drought {heavy, rElec Dex+3}
 10816 | D:11     | Found Acse's Antique Armour Emporium.
 10821 | D:11     | Bought a runed cloak for 202 gold pieces
 10870 | D:11     | Noticed a centaur warrior
 10879 | D:11     | Killed a centaur warrior
 11080 | D:11     | Noticed a two-headed ogre
 11088 | D:11     | Killed a two-headed ogre
 11217 | D:11     | Reached skill level 5 in Spellcasting
 11307 | D:11     | Reached skill level 15 in Armour
 11366 | D:11     | Found a staircase to the Lair.
 11815 | Lair:1   | Entered Level 1 of the Lair of Beasts
 11870 | Lair:1   | Acquired the +10 eveningstar of Duagock Soap {drain, Dex+3}
 11915 | Lair:1   | Noticed a death yak
 11915 | Lair:1   | Noticed a death yak
 11917 | Lair:1   | Noticed a death yak
 11917 | Lair:1   | Noticed a death yak
 11918 | Lair:1   | Noticed a death yak
 11918 | Lair:1   | Noticed a death yak
 11924 | Lair:1   | Killed a death yak
 11929 | Lair:1   | Killed a death yak
 11935 | Lair:1   | Killed a death yak
 11941 | Lair:1   | Killed a death yak
 11946 | Lair:1   | Killed a death yak
 11949 | Lair:1   | Killed a death yak
 12793 | Lair:2   | Reached XP level 13. HP: 123/124 MP: 26/26
 13603 | Lair:3   | Found the +4 skin of Zhor {*Englaciate rC+++ SInv}
 13717 | Lair:3   | Found a hole to the Spider Nest.
 14017 | Lair:3   | Found a large runed translucent door.
 14017 | Lair:3   | Found a large runed translucent door.
 14018 | Lair:3   | Noticed ripuliukko's ghost (journeyman DEEE)
 14031 | Lair:3   | Killed ripuliukko's ghost
 14403 | Lair:3   | Found a staircase to the Swamp.
 14792 | Lair:4   | Identified the +0 flail of the Unspeakable One {heavy,
                  | rElec Str+2 Int+3}
 15523 | Lair:5   | Entered Level 5 of the Lair of Beasts
 15561 | Lair:5   | Reached skill level 10 in Maces & Flails
 15579 | Lair:5   | Found a viscous altar of Jiyva.
 15579 | Lair:5   | Found a staircase to the Slime Pits.
 15628 | Lair:5   | Reached skill level 5 in Dodging
 15980 | Lair:5   | Reached XP level 14. HP: 121/132 MP: 28/28
 17410 | D:12     | Identified the +1 robe of the Insatiable Mystics {Str+2
                  | Int+2}
 17422 | D:12     | Acquired a scarf of repulsion
 17688 | D:12     | Found a transporter.
 17691 | D:12     | Noticed Heoruswealwe's ghost (journeyman DECj)
 17700 | D:12     | Found a transporter.
 17832 | D:12     | Found a staircase to the Orcish Mines.
 18329 | D:12     | Killed Heoruswealwe's ghost
 18451 | D:13     | Found a gate to the Vaults.
 18887 | D:13     | Gained mutation: Your muscles are strong. (Str +4, Int/Dex
                  | -1) [a shining eye]
 18990 | D:13     | Found Beck's General Store.
 18996 | D:13     | Bought a +1 helmet of see invisible for 247 gold pieces
 19019 | D:13     | Reached XP level 15. HP: 97/138 MP: 20/29
 19411 | Orc:1    | Entered Level 1 of the Orcish Mines
 20012 | Orc:2    | Entered Level 2 of the Orcish Mines
 20065 | Orc:2    | Reached skill level 10 in Dodging
 20724 | Orc:2    | Found Vyur's Antique Armour Shoppe.
 20725 | Orc:2    | Found Pasoac's Antique Weapon Emporium.
 20727 | Orc:2    | Found Xupuv's General Store.
 20727 | Orc:2    | Found Zajic's Book Shoppe.
 20755 | Orc:2    | Bought a runed scarf for 224 gold pieces
 20883 | Orc:2    | Found a staircase to the Elven Halls.
 21532 | Spider:1 | Entered Level 1 of the Spider Nest
 21532 | Spider:1 | Identified the +11 falchion of Imbibing Death {spect, rElec
                  | rF+ Dex-3}
 21545 | Spider:1 | Reached skill level 10 in Shields
 22982 | Spider:1 | Identified the +0 leather armour of Ymius {Contam Regen+
                  | Str+3}
 23576 | Spider:2 | Reached XP level 16. HP: 129/146 MP: 7/30
 23743 | Spider:2 | Noticed Agnes
 23762 | Spider:2 | HP: 3/219 [Agnes/+1 lajatang of pain (11)]
 23763 | Spider:2 | Succumbed to a redback's poison

Illustrated notes

Levels and vault maps discovered:
D:1:      amcnicky_arrival_underground_garden, layout_basic,
          hangedman_decor_slide_cut
D:2:      layout_basic, dreamdust_ecumenical_altar_drowned_temple, basic_altar
D:3:      layout_loops_ring, uniq_jessica, uniq_sigmund, uniq_terence
D:4:      layout_layer_cave, ebering_ghost_disaster_area, serial_shops,
          nicolae_shop_crystal, uniq_blork_the_orc
D:5:      layout_gridville
D:6:      layout_basic, nicolae_dithmenos_the_darkroom,
          overflow_temple_1_default, grunt_temple_overflow_open, uniq_grinder,
          uniq_eustachio
D:7:      layout_cave_pools, temple_statues
D:8:      layout_basic, serial_shops, nicolae_shop_just_a_little_nook,
          serial_curves, eino_curves_04, eino_curves_03, eino_curves_02,
          eino_curves_03
D:9:      cheibrodos_statue_roulette, layout_rooms, grunt_ministairs_13,
          minmay_pinched_square, uniq_pikel
D:10:     layout_basic, nicolae_yredelemnul_corpse_copse, uniq_josephine
D:11:     layout_stronghold, erik_lair_dragon, serial_shops, shop
D:12:     layout_roguey, hiddenorc1_lemuel, gammafunk_ghost_arena, drop_trap
D:13:     layout_roguey, david_vaults_2, serial_shops, kennysheep_mini_moat,
          special_room [special_room_orc]
Temple:   nicolae_temple_great_sept
Lair:1:   layout_misc_corridors
Lair:2:   layout_cave_pods, lemuel_old_faithful
Lair:3:   layout_regular_city, palyth_hydra_swamp_entry, dummy_spider_entry,
          ebering_ghost_disaster_area, st_stairs_5, serial_bayou_pond_c,
          hellmonk_guarded_unrand_zhor
Lair:4:   layout_concentric_octagons
Lair:5:   due_jungle_book, layout_loops_ring, nicolae_slime_entry_field_trip
Spider:1: cheibrodos_forgotten_conduit, nicolae_spider_wall_of_niches
Spider:2: layout_spider_delve, uniq_agnes, uniq_arachne
Orc:1:    layout_diamond_mine
Orc:2:    st_orc_congregation, layout_diamond_mine, gauntlet_entry_generic

Skill      XL: |  1  2  3  4  5  6  7  8  9 10 11 12 13 14 15 16 |
---------------+-------------------------------------------------+-----
Maces & Flails | 2 3 4 5 6 7 8 11 12 | 12.9
Armour         | 4 5 6 8 10 13 15 | 15.0
Fighting       | 3 4 5 6 8 9 |  9.0
Shields        | 4 5 6 8 9 13 14 | 14.2
Dodging        | 1 2 6 9 10 | 10.9
Spellcasting   | 2 3 7 |  7.7
Summonings     | 1 2 |  2.7
Evocations     | 1 2 |  2.5

Action                     |  1- 3 |  4- 6 |  7- 9 | 10-12 | 13-15 | 16-18 || total
---------------------------+-------+-------+-------+-------+-------+-------++-------
  Melee: Flail             |   132 |    56 |   165 |       |       |       ||   353
         Tailslap          |     7 |    19 |    41 |    91 |   184 |     9 ||   351
         Dagger            |       |    87 |    84 |       |       |       ||   171
         Morningstar       |       |       |    50 |   430 |       |       ||   480
         Eveningstar       |       |       |       |    67 |  1125 |    49 ||  1241
   Cast: Call Imp          |       |       |     1 |     1 |       |       ||     2
 Invoke: Curse Item        |       |     2 |     4 |     4 |     4 |       ||    14
         Shatter the Chain |       |       |       |     1 |     4 |       ||     5
  Evoke: Wand              |       |       |     6 |       |     4 |       ||    10
         Phantom mirror    |       |       |       |       |       |     1 ||     1
    Use: Scroll            |       |     9 |     5 |     2 |     5 |       ||    21
         Potion            |       |     1 |     1 |     5 |     6 |     1 ||    14
   Stab: Invisible         |       |       |       |     2 |       |       ||     2
         Sleeping          |       |       |       |       |     4 |       ||     4
 Armour: Scale mail        |    70 |    42 |       |       |       |       ||   112
         Ring mail         |       |    12 |   156 |   316 |    27 |       ||   511
         Animal skin       |       |       |       |       |   372 |    43 ||   415
  Dodge: Dodged            |    54 |    39 |   101 |   162 |   677 |    82 ||  1115
         Repelled          |       |       |       |       |     2 |       ||     2
  Block: Buckler           |    27 |    32 |    97 |   205 |   410 |    53 ||   824
